 Dungeon Crawl Stone Soup version 0.28.0-43-g3370ac3207 (webtiles) character file.

Game seed: 4264626598158296768

224 choreboyy the Poker (level 5, -1/39 HPs)
             Began as a Demonspawn Wanderer on Mar 13, 2022.
             Slain by Terence
             ... wielding a +0 mace
              (6 damage)
             ... on level 3 of the Dungeon.
             The game lasted 00:12:59 (3532 turns).

choreboyy the Poker (Demonspawn Wanderer)           Turns: 3532, Time: 00:13:00

Health: -1/39      AC:  6    Str: 14    XL:     5   Next: 67%
Magic:  6/13       EV:  9    Int: 19    God:
Gold:   119        SH:  0    Dex: 11    Spells: 12/16 levels left

rFire   . . .      SeeInvis .   a - +2 spear
rCold   . . .      Faith    .   (no shield)
rNeg    . . .      Spirit   .   b - +0 scale mail
rPois   .          Reflect  .   (no helmet)
rElec   .          Harm     .   (no cloak)
rCorr   .          Rampage  .   (no gloves)
Will    .....                   (no boots)
Stlth   ..........              (no amulet)
HPRegen 0.13/turn               (no ring)
MPRegen 0.13/turn               (no ring)

@: no status effects
A: big brain 2, weakness stinger 1
a: no special abilities


You were on level 3 of the Dungeon.
You visited 1 branch of the dungeon, and saw 3 of its levels.

You collected 119 gold pieces.

Inventory:

Hand Weapons
 a - a +2 spear (weapon)
Armour
 b - a +0 scale mail (worn)
Scrolls
 c - 2 scrolls of teleportation {unknown}
 d - 3 scrolls of identify {unknown}
 e - a scroll of acquirement {unknown}
 f - 2 scrolls of enchant armour {unknown}
 g - a scroll of fear {unknown}
 i - a scroll of vulnerability {unknown}


   Skills:
 - Level 2.4 Fighting
 - Level 6.5 Polearms
 - Level 3.4 Armour
 + Level 6.2 Spellcasting
 + Level 5.8 Ice Magic
 - Level 1.7 Air Magic
 - Level 1.0 Evocations


You had 12 spell levels left.
You knew the following spells:

 Your Spells              Type           Power      Damage    Failure   Level
a - Shock                 Conj/Air       36%        1d5       30%         1
b - Ozocubu's Armour      Ice            27%        N/A       12%         3

Your spell library contained the following spells:

 Spells                   Type           Power      Damage    Failure   Level
 Swiftness                Air            12%        N/A       54%         3
 Conjure Flame            Conj/Fire      5%         6-21      80%         3
 Ignite Poison            Fire/Tmut/Pois 5%         N/A       80%         3
 Sticky Flame             Conj/Fire      5%         2d3       99%         4
 Ozocubu's Refrigeration  Ice            13%        4d7       100%        7


Dungeon Overview and Level Annotations

Branches:
Dungeon (3/15)

Altars:
Qazlal
Vehumet

Shops:
D:1 (   D:2 (

Annotations:
D:3 Terence


Innate Abilities, Weirdness & Mutations

You have an extremely huge brain. (Int +4)
You have a small tail.


Message History

Terence is attracted toward you.
There is an open door here.
Terence looks scornfully at you.
Casting: Shock (safe; 50% risk of failure)
Confirm with . or Enter, or press ? or * to list all spells.
Aiming: Shock (safe; 50% risk of failure)
Press: ? - help, Shift-Dir - straight line, f/p - Terence
Aim: Terence, wielding a +0 mace and wearing a +3 scale mail (lightly wounded, 69% to hit)
You miscast Shock.
You are very lightly contaminated with residual magic.
Nothing appears to happen.
Terence completely misses you.
There is a stone staircase leading down here.
You feel less attractive to monsters. Terence hits you but does no damage.
Your magical contamination has completely faded away.
It was a potion of experience.
You feel more experienced!
Your Polearms skill gained 4 levels and is now at level 6!
Your Spellcasting skill gained 5 levels and is now at level 6!
Your Ice Magic skill gained 5 levels and is now at level 5!
You have reached level 5!
Your demonic ancestry asserts itself...
Your brain expands.
Terence hits you with a +0 mace!
* * * LOW HITPOINT WARNING * * *
You completely miss Terence.
Terence is lightly wounded.
Terence hits you with a +0 mace.
* * * LOW HITPOINT WARNING * * *
You hit Terence but do no damage.
You tail-slap Terence, but do no damage.
Terence is lightly wounded.
You hit Terence.
You tail-slap Terence, but do no damage.
Terence is moderately wounded.
Terence barely misses you.
You completely miss Terence.
Terence is moderately wounded.
Terence hits you with a +0 mace.
You die...

#.......'.........÷........≈...
##...####.........##.#...#.≈≈≈≈
##...# ##.......###.##..#.....
###.# ##.....## #.###.##..##
#.# ##...## #.# #.###.## #.#
##+## #.# #.# #.## #.# #.#
#.###.###.# #.#####
#.######.........#
#.#...###@@.....####.#####
#.#...##...####.# #.#
##.#...#.....###.# #.#
#.>(.#.........#.# #.#
#...........##.#.####.#
#.........#.##........#
####...####.####.###### #...#
#......# #...# ########


You could see Terence.

Vanquished Creatures
  Robin (D:3)
  2 adders
  2 dart slugs
  4 orcs (D:3)
  3 ball pythons (D:1)
  5 endoplasms
  A giant cockroach (D:2)
  16 goblins
  12 hobgoblins
  3 jackals (D:2)
  9 kobolds
  A quokka (D:2)
  5 bats
  A frilled lizard (D:3)
  3 rats
68 creatures vanquished.

Notes
Turn   | Place    | Note
-------+----------+-------------------------------------------
     0 | D:1      | choreboyy the Demonspawn Wanderer began the quest for the
                  | Orb.
     0 | D:1      | choreboyy set off with the following items: a +2 spear, a
                  | +0 scale mail; and the following spell memorised: Shock;
                  | and the following spells available to memorise: Swiftness
     0 | D:1      | Reached XP level 1. HP: 15/15 MP: 2/2
   465 | D:1      | Gained mutation: You have an unusually large brain. (Int
                  | +2) [demonic ancestry]
   465 | D:1      | Reached XP level 2. HP: 21/21 MP: 3/3
  1132 | D:1      | Found Geomeuj's Antique Weapon Shoppe.
  1142 | D:1      | Gained mutation: You have a small tail. [demonic ancestry]
  1142 | D:1      | Reached XP level 3. HP: 9/26 MP: 5/5
  1404 | D:1      | Found a faded altar of an unknown god.
  2040 | D:2      | Found Hujie's Weapon Shop.
  2322 | D:3      | Found a stormy altar of Qazlal.
  2353 | D:3      | Reached XP level 4. HP: 33/33 MP: 6/6
  2581 | D:3      | Noticed Terence
  2797 | D:3      | Found a radiant altar of Vehumet.
  2803 | D:3      | Noticed Robin
  2892 | D:3      | Killed Robin
  3164 | D:3      | Learned a level 3 spell: Ozocubu's Armour
  3489 | D:3      | HP: 1/34 [Terence/puff of flame (10)]
  3528 | D:3      | Reached skill level 5 in Ice Magic
  3528 | D:3      | Gained mutation: You have an extremely huge brain. (Int +4)
                  | [demonic ancestry]
  3528 | D:3      | Reached XP level 5. HP: 16/39 MP: 6/13
  3532 | D:3      | Slain by Terence

Illustrated notes

Levels and vault maps discovered:
D:1:      minmay_arrival_checkered_box, layout_basic,
          hellmonk_ecumenical_altar_arch_garden, serial_shops, shop_fountains,
          minmay_misc_feat_chi
D:2:      layout_basic, serial_shops, nicolae_shop_bloodbath_and_beyond
D:3:      layout_loops_corners, mainiacjoe_overflow_concentric_impassable,
          mainiacjoe_overflow_six_doors_small, dk_vineyard_2, uniq_terence,
          uniq_robin

Skill      XL: |  1  2  3  4 |
---------------+-------------+-----
Polearms       | 2 6 |  6.5
Armour         | 3 |  3.4
Fighting       | 2 |  2.4
Spellcasting   | 6 |  6.2
Ice Magic      | 5 |  5.8
Air Magic      | |  1.7
Evocations     | |  1.0

Action                   |  1- 3 |  4- 6 || total
-------------------------+-------+-------++-------
Melee: Spear             |   134 |    88 ||   222
       Tailslap          |     6 |     7 ||    13
       Punch             |       |     2 ||     2
  Use: Potion            |       |     4 ||     4
Armor: Scale mail        |    64 |    39 ||   103
Dodge: Dodged            |    61 |    27 ||    88
